Devils vs Lightning

Created - April 8, 2017 at 15:51

Goals
1 2 3 T
Devils 1 3 1 5
Lightning 0 3 0 3
Shots
1 2 3 T
Devils 9 10 7 26
Lightning 12 14 12 38

1st period

1. Devils , Dennis Seidenberg 3 (James Neal, Tyler Johnson) at 16:27

Penalties :
Anton Stralman (NJD) for Roughing (Minor) at 1:58, Steven Kampfer (NJD) for Roughing (Minor) at 10:14, Tomas Fleischmann (TBL) for Roughing (Double Minor) at 12:25

2nd period

2. Devils , Drew Stafford 21 (Brandon Sutter, Valtteri Filppula) at 7:11 (PP)
3. Devils , Ales Hemsky 13 (Colin Greening, Anton Stralman) at 7:48
4. Lightning , Jeff Carter 21 (Erik Gudbranson, Johnny Gaudreau) at 12:52
5. Devils , Johan Franzen 2 (Darren Helm, Chris Terry) at 17:04
6. Lightning , Travis Zajac 32 (Jeff Carter, Johnny Gaudreau) at 17:33
7. Lightning , Troy Brouwer 26 (Teddy Purcell, Eric Fehr) at 18:13

Penalties :
Christian Ehrhoff (TBL) for Roughing (Minor) at 3:50, Christian Ehrhoff (TBL) for Hooking (Minor) at 6:06, Tommy Wingels (NJD) for Holding (Minor) at 10:28

3rd period

8. Devils , Brandon Sutter 33 (Drew Stafford, James Neal) at 17:27

Penalties :
Drew Stafford (NJD) for Holding (Minor) at 1:40, Michal Neuvirth (NJD) for Delaying the game (Minor) at 1:46 - Steven Kampfer served the penalty., Tyler Johnson (NJD) for Holding Stick (Minor) at 11:21

Goalie Stats

Michal Neuvirth (NJD), 35 saves from 38 shots - (0.921), W, 8-11-2, 60:00 minutes
Jaroslav Halak (TBL), 6 saves from 7 shots - (0.857), 22:56 minutes
Kari Lehtonen (TBL), 15 saves from 19 shots - (0.789), L, 11-16-4, 37:04 minutes

Players Stats for Devils

Player Name              G  A  P  +/- PIM S  H  SB GA TA FO     MP     PP MP  PK MP  
------------------------------------------------------------------------------------
Ales Hemsky              1  0  1   0  0   2  0  0  0  0  1/3    12:26   0:00   0:00 
Anton Stralman           0  1  1   1  2   0  0  0  0  0  0/0    13:14   0:00   0:12 
Brandon Sutter           1  1  2   0  0   5  0  1  0  0  14/24  15:49   3:33   1:22 
Chris Terry              0  1  1   1  0   0  1  0  0  0  0/0     8:48   0:00   0:00 
Colin Greening           0  1  1   0  0   1  0  0  0  0  5/13   13:32   0:00   1:06 
Darren Helm              0  1  1   1  0   0  1  0  0  0  8/13    8:58   0:00   0:10 
Dennis Seidenberg        1  0  1   1  0   1  3  0  0  0  0/0    17:19   0:00   5:50 
Dougie Hamilton          0  0  0   0  0   1  2  2  0  0  0/0    20:47   3:33   2:06 
Drew Stafford            1  1  2   0  2   4  0  0  0  0  2/3    18:45   3:33   4:19 
James Neal               0  2  2   0  0   6  2  0  0  0  1/2    14:24   3:30   0:00 
Johan Franzen            1  0  1   1  0   2  0  0  0  0  0/0     8:48   0:00   0:00 
Mikko Koivu              0  0  0   0  0   1  0  1  0  0  15/22  18:07   3:30   3:49 
Ryan Pulock              0  0  0   0  0   0  1  3  0  0  0/0    22:59   3:30   4:44 
Shayne Gostisbehere      0  0  0   0  0   1  1  3  0  0  0/0    22:31   3:33   4:13 
Steven Kampfer           0  0  0   0  2   2  3  3  0  0  0/0    23:08   3:30   2:57 
Tommy Wingels            0  0  0   0  2   0  1  0  0  0  0/2    12:25   0:00   0:00 
Tyler Johnson            0  1  1   0  2   0  0  0  0  0  4/7    17:51   3:30   3:34 
Valtteri Filppula        0  1  1   0  0   0  0  1  0  0  0/1    18:10   3:33   3:49 

Players Stats for Lightning

Player Name              G  A  P  +/- PIM S  H  SB GA TA FO     MP     PP MP  PK MP  
------------------------------------------------------------------------------------
Andre Benoit             0  0  0   0  0   0  0  2  0  0  0/0    13:28   0:00   0:43 
Andrej Sekera            0  0  0   1  0   3  0  2  0  0  0/0    25:08   5:02   3:29 
Christian Ehrhoff        0  0  0   0  4   0  0  0  0  0  0/0    12:43   0:00   0:00 
David Schlemko           0  0  0  -1  0   2  0  0  0  0  0/0    21:01   4:59   3:05 
Eric Fehr                0  1  1   1  0   4  1  0  0  0  11/36  22:54   4:58   2:47 
Erik Gudbranson          0  1  1  -2  0   3  3  1  0  0  0/0    21:48   4:59   3:15 
Henrik Sedin             0  0  0  -4  0   2  0  1  0  0  14/25  18:44   5:03   0:14 
Jeff Carter              1  1  2   2  0   4  1  0  0  0  0/0    12:02   0:00   0:00 
Johnny Gaudreau          0  2  2   2  0   3  1  0  0  0  0/0    12:40   0:00   0:38 
Kevin Klein              0  0  0   0  0   1  2  1  0  0  0/0    25:50   5:02   3:34 
Maxime Talbot            0  0  0   0  0   0  0  0  0  0  0/0     0:00   0:00   0:00 
Patric Hornqvist         0  0  0  -4  0   1  3  0  0  0  1/1    13:27   0:00   0:00 
Radim Vrbata             0  0  0   0  0   1  0  0  0  0  0/0     7:16   4:58   0:00 
Teddy Purcell            0  1  1   1  0   4  0  0  0  0  0/1    22:59   5:03   2:47 
Tobias Rieder            0  0  0   0  0   1  1  0  0  0  5/11   11:18   4:58   4:02 
Tomas Fleischmann        0  0  0  -4  4   3  0  0  0  0  1/1    15:44   0:00   0:00 
Travis Zajac             1  0  1   2  0   3  3  0  0  0  8/13   12:02   0:00   0:00 
Troy Brouwer             1  0  1   1  0   3  3  0  0  0  0/2    23:50   5:03   3:38 

3 Stars

1 - Jeff Carter (TBL)
2 - Travis Zajac (TBL)
3 - Dennis Seidenberg (NJD)

Power Play

Devils - 1 on 4 Attempt(s) - 25.00%
Lightning - 0 on 6 Attempt(s) - 0.00%

Penalty Kill

Devils - 6 on 6 Attempt(s) - 100.00% - Score 0 goal in Penalty Kill
Lightning - 3 on 4 Attempt(s) - 75.00% - Score 0 goal in Penalty Kill

Team Stat

Devils - Hits : 15 - Faceoff Wins : 50 - Blocked Shots : 14 - Penalty Minutes : 12
Lightning - Hits : 18 - Faceoff Wins : 40 - Blocked Shots : 7 - Penalty Minutes : 8

Official

Referees : Jean Hebert and TJ Luxmore
Linesman : Brian Mach and Tim Nowak

Game Notes

Jaroslav Halak enters game at 17:04 of 2nd period

Finance

Level 1 -- Attendance: 4962 (76.34%) -- Ticket Income $545,820
Level 2 -- Attendance: 3065 (61.30%) -- Ticket Income $291,175
Level 3 -- Attendance: 2089 (59.69%) -- Ticket Income $156,675
Level 4 -- Attendance: 2056 (64.17%) -- Ticket Income $92,520
Luxury Box -- Attendance: 456 (45.60%) -- Ticket Income $164,160
Game was played at the Amalie Arena.
Total Attendance: 12628 (65.76%)
Total Ticket Income: $1,250,350
Other Income: $187,552
Total Income: $1,437,902

% Time on Ice - Devils

Lines # - Real PCT - Wanted PCT - Time Play
Normal Forward
1 - 25% - 27% - 10:48
2 - 25% - 26% - 10:54
3 - 29% - 26% - 12:26
4 - 20% - 21% - 8:48
Normal Defense
1 - 35% - 37% - 15:08
2 - 34% - 37% - 14:45
3 - 27% - 26% - 11:29
4 - 4% - 0% - 1:34
PP Forward
1 - 50% - 50% - 3:30
2 - 50% - 50% - 3:33
PP Defense
1 - 50% - 60% - 3:33
2 - 50% - 40% - 3:30
PK Forward
1 - 47% - 50% - 3:49
2 - 53% - 50% - 4:19
PK Defense
1 - 57% - 70% - 4:40
2 - 43% - 30% - 3:28
PK3 Forward
1 - 78% - 60% - 1:28
2 - 22% - 40% - 0:25
PK3 Defense
1 - 67% - 70% - 1:16
2 - 33% - 30% - 0:37
44 Forward
1 - 0% - 50%
2 - 0% - 50%
44 Defense
1 - 0% - 50%
2 - 0% - 50%
Last Minute Offensive  - 0:00
Last Minute Defensive  - 0:00
Total
Forward - 60:00
Defense - 60:00

% Time on Ice - Lightning

Lines # - Real PCT - Wanted PCT - Time Play
Normal Forward
1 - 35% - 40% - 15:09
2 - 31% - 30% - 13:27
3 - 28% - 20% - 12:02
4 - 5% - 10% - 2:18
Normal Defense
1 - 39% - 40% - 16:37
2 - 30% - 30% - 12:57
3 - 30% - 20% - 12:45
4 - 1% - 10% - 0:37
PP Forward
1 - 50% - 60% - 4:58
2 - 50% - 40% - 5:03
PP Defense
1 - 50% - 60% - 5:02
2 - 50% - 40% - 4:59
PK Forward
1 - 61% - 60% - 4:16
2 - 39% - 40% - 2:47
PK Defense
1 - 51% - 60% - 3:34
2 - 49% - 40% - 3:29
PK3 Forward
1 - 0% - 60%
2 - 0% - 40%
PK3 Defense
1 - 0% - 60%
2 - 0% - 40%
44 Forward
1 - 0% - 60%
2 - 0% - 40%
44 Defense
1 - 0% - 60%
2 - 0% - 40%
Last Minute Offensive  - 0:00
Last Minute Defensive  - 0:00
Total
Forward - 60:00
Defense - 60:00

Play by Play

1st period


0:01 of 1st period - Mikko Koivu wins face-off versus Eric Fehr in neutral zone.
0:50 of 1st period - Icing by Tyler Johnson.
0:51 of 1st period - Mikko Koivu wins face-off versus Henrik Sedin in Devils zone.
0:51 of 1st period - Mikko Koivu is hit by Patric Hornqvist.
1:35 of 1st period - Shot by Drew Stafford.
1:35 of 1st period - Shot Blocked by Erik Gudbranson.
1:37 of 1st period - Shot by Brandon Sutter.
1:37 of 1st period - Shot Misses the Net.
1:39 of 1st period - Shot by Drew Stafford.
1:39 of 1st period - Deflect By Brandon Sutter.
1:39 of 1st period - Shot Misses the Net.
1:41 of 1st period - Shot by James Neal.
1:41 of 1st period - Stopped by Kari Lehtonen without a rebound.
1:42 of 1st period - Travis Zajac wins face-off versus Tommy Wingels in Lightning zone.
1:42 of 1st period - Travis Zajac is hit by Tommy Wingels.
1:57 of 1st period - Travis Zajac is hit by Dennis Seidenberg and loses puck.
1:58 of 1st period - Minor Penalty to Anton Stralman for Roughing.
1:59 of 1st period - Tyler Johnson wins face-off versus Eric Fehr in Devils zone.
2:12 of 1st period - Icing by Andrej Sekera.
2:13 of 1st period - Tyler Johnson wins face-off versus Eric Fehr in Lightning zone.
2:20 of 1st period - Shot by Kevin Klein.
2:20 of 1st period - Stopped by Michal Neuvirth without a rebound.
2:21 of 1st period - Mikko Koivu wins face-off versus Henrik Sedin in Devils zone.
2:46 of 1st period - Shot by Henrik Sedin.
2:46 of 1st period - Stopped by Michal Neuvirth with a rebound.
2:48 of 1st period - Shot by Erik Gudbranson.
2:48 of 1st period - Stopped by Michal Neuvirth without a rebound.
2:49 of 1st period - Tyler Johnson wins face-off versus Eric Fehr in Devils zone.
3:06 of 1st period - Shot by Radim Vrbata.
3:06 of 1st period - Deflect By Tobias Rieder.
3:06 of 1st period - Shot Misses the Net.
3:18 of 1st period - Shot by Tobias Rieder.
3:18 of 1st period - Stopped by Michal Neuvirth without a rebound.
3:19 of 1st period - Henrik Sedin wins face-off versus Mikko Koivu in Devils zone.
6:21 of 1st period - James Neal is hit by Erik Gudbranson and loses puck.
6:56 of 1st period - Shot by Johnny Gaudreau.
6:56 of 1st period - Shot Misses the Net.
6:58 of 1st period - Shot by Travis Zajac.
6:58 of 1st period - Shot Blocked by Shayne Gostisbehere.
7:00 of 1st period - Shot by Jeff Carter.
7:00 of 1st period - Stopped by Michal Neuvirth without a rebound.
7:01 of 1st period - Travis Zajac wins face-off versus Darren Helm in Devils zone.
7:04 of 1st period - Shot by Johnny Gaudreau.
7:04 of 1st period - Stopped by Michal Neuvirth without a rebound.
7:05 of 1st period - Travis Zajac wins face-off versus Colin Greening in Devils zone.
7:29 of 1st period - Off-side.
7:30 of 1st period - Mikko Koivu wins face-off versus Henrik Sedin in neutral zone.
7:41 of 1st period - Shot by Valtteri Filppula.
7:41 of 1st period - Shot Misses the Net.
7:43 of 1st period - Shot by Steven Kampfer.
7:43 of 1st period - Shot Misses the Net.
8:38 of 1st period - Shot by James Neal.
8:38 of 1st period - Shot Blocked by Kevin Klein.
8:46 of 1st period - Shot by James Neal.
8:46 of 1st period - Shot Blocked by Andrej Sekera.
8:48 of 1st period - Shot by Drew Stafford.
8:48 of 1st period - Stopped by Kari Lehtonen without a rebound.
8:49 of 1st period - Eric Fehr wins face-off versus Ales Hemsky in Lightning zone.
8:51 of 1st period - Icing by Troy Brouwer.
8:52 of 1st period - Colin Greening wins face-off versus Eric Fehr in Lightning zone.
8:52 of 1st period - Tommy Wingels is hit by Erik Gudbranson and loses puck.
9:04 of 1st period - Colin Greening is hit by Erik Gudbranson and loses puck.
9:16 of 1st period - Icing by Erik Gudbranson.
9:17 of 1st period - Darren Helm wins face-off versus Eric Fehr in Lightning zone.
9:30 of 1st period - Shot by Teddy Purcell.
9:30 of 1st period - Stopped by Michal Neuvirth with a rebound.
9:32 of 1st period - Shot by Eric Fehr.
9:32 of 1st period - Stopped by Michal Neuvirth without a rebound.
9:33 of 1st period - Colin Greening wins face-off versus Travis Zajac in Devils zone.
9:45 of 1st period - Shot by Jeff Carter.
9:45 of 1st period - Shot Misses the Net.
9:47 of 1st period - Shot by Johnny Gaudreau.
9:47 of 1st period - Shot Blocked by Steven Kampfer.
10:10 of 1st period - Jeff Carter is hit by Steven Kampfer and loses puck.
10:14 of 1st period - Minor Penalty to Steven Kampfer for Roughing.
10:15 of 1st period - Eric Fehr wins face-off versus Tyler Johnson in Devils zone.
10:27 of 1st period - Shot by Kevin Klein.
10:27 of 1st period - Shot Misses the Net.
10:29 of 1st period - Shot by Radim Vrbata.
10:29 of 1st period - Shot Misses the Net.
10:31 of 1st period - Shot by Tobias Rieder.
10:31 of 1st period - Shot Misses the Net.
10:33 of 1st period - Shot by Tobias Rieder.
10:33 of 1st period - Shot Blocked by Ryan Pulock.
10:57 of 1st period - Shot by Andrej Sekera.
10:57 of 1st period - Stopped by Michal Neuvirth with a rebound.
10:59 of 1st period - Shot by Andrej Sekera.
10:59 of 1st period - Stopped by Michal Neuvirth without a rebound.
11:00 of 1st period - Henrik Sedin wins face-off versus Tyler Johnson in Devils zone.
11:26 of 1st period - Shot by Henrik Sedin.
11:26 of 1st period - Deflect By Teddy Purcell.
11:26 of 1st period - Shot Blocked by Dougie Hamilton.
11:37 of 1st period - Icing by Troy Brouwer.
11:38 of 1st period - Henrik Sedin wins face-off versus Mikko Koivu in Lightning zone.
12:15 of 1st period - Off-side.
12:16 of 1st period - Darren Helm wins face-off versus Tobias Rieder in neutral zone.
12:16 of 1st period - Darren Helm is hit by Tobias Rieder.
12:25 of 1st period - Double Minor Penalty to Tomas Fleischmann for Roughing.
12:26 of 1st period - Mikko Koivu wins face-off versus Tobias Rieder in Lightning zone.
13:37 of 1st period - Shot by Tobias Rieder.
13:37 of 1st period - Shot Misses the Net.
14:40 of 1st period - Shot by Brandon Sutter.
14:40 of 1st period - Stopped by Kari Lehtonen without a rebound.
14:41 of 1st period - Brandon Sutter wins face-off versus Tobias Rieder in Lightning zone.
14:41 of 1st period - Valtteri Filppula is hit by Kevin Klein and loses puck.
14:58 of 1st period - Shot by Brandon Sutter.
14:58 of 1st period - Stopped by Kari Lehtonen without a rebound.
14:59 of 1st period - Mikko Koivu wins face-off versus Tobias Rieder in Lightning zone.
15:02 of 1st period - Shot by Mikko Koivu.
15:02 of 1st period - Shot Blocked by Andrej Sekera.
15:22 of 1st period - Shot by Steven Kampfer.
15:22 of 1st period - Stopped by Kari Lehtonen without a rebound.
15:23 of 1st period - Brandon Sutter wins face-off versus Tobias Rieder in Lightning zone.
15:26 of 1st period - Shot by Shayne Gostisbehere.
15:26 of 1st period - Stopped by Kari Lehtonen without a rebound.
15:27 of 1st period - Tobias Rieder wins face-off versus Brandon Sutter in Lightning zone.
16:21 of 1st period - Icing by Tyler Johnson.
16:22 of 1st period - Mikko Koivu wins face-off versus Eric Fehr in Devils zone.
16:27 of 1st period - Shot by Dennis Seidenberg.
16:27 of 1st period - Goal by Dennis Seidenberg - Devils : 1 - Lightning : 0.
16:28 of 1st period - Henrik Sedin wins face-off versus Darren Helm in neutral zone.
16:52 of 1st period - Shot by Tomas Fleischmann.
16:52 of 1st period - Stopped by Michal Neuvirth without a rebound.
16:53 of 1st period - Drew Stafford wins face-off versus Travis Zajac in Devils zone.
17:19 of 1st period - Shot by James Neal.
17:19 of 1st period - Stopped by Kari Lehtonen without a rebound.
17:20 of 1st period - Mikko Koivu wins face-off versus Eric Fehr in Lightning zone.
17:35 of 1st period - Shot by Mikko Koivu.
17:35 of 1st period - Shot Misses the Net.
17:49 of 1st period - Shot by Mikko Koivu.
17:49 of 1st period - Stopped by Kari Lehtonen without a rebound.
17:50 of 1st period - Henrik Sedin wins face-off versus Brandon Sutter in Lightning zone.
18:05 of 1st period - Shot by Henrik Sedin.
18:05 of 1st period - Stopped by Michal Neuvirth without a rebound.
18:06 of 1st period - Travis Zajac wins face-off versus Colin Greening in Devils zone.
18:12 of 1st period - Johnny Gaudreau is hit by Dennis Seidenberg.
18:40 of 1st period - Shot by Tommy Wingels.
18:40 of 1st period - Shot Blocked by Andre Benoit.
18:53 of 1st period - Anton Stralman is hit by Johnny Gaudreau and loses puck.
19:52 of 1st period - Shot by Troy Brouwer.
19:52 of 1st period - Shot Misses the Net.
19:54 of 1st period - Shot by Kevin Klein.
19:54 of 1st period - Shot Misses the Net.
Goals for this period are 1 for Devils vs 0 for Lightning.
Shots for this period are 9 for Devils vs 12 for Lightning.

2nd period


0:01 of 2nd period - Eric Fehr wins face-off versus James Neal in neutral zone.
0:08 of 2nd period - Shot by Eric Fehr.
0:08 of 2nd period - Stopped by Michal Neuvirth without a rebound.
0:09 of 2nd period - Brandon Sutter wins face-off versus Eric Fehr in Devils zone.
0:19 of 2nd period - Shot by James Neal.
0:19 of 2nd period - Stopped by Kari Lehtonen without a rebound.
0:20 of 2nd period - Darren Helm wins face-off versus Henrik Sedin in Lightning zone.
0:59 of 2nd period - Shot by Darren Helm.
0:59 of 2nd period - Deflect By Johan Franzen.
0:59 of 2nd period - Stopped by Kari Lehtonen without a rebound.
1:00 of 2nd period - Brandon Sutter wins face-off versus Eric Fehr in Lightning zone.
1:03 of 2nd period - Shot by James Neal.
1:03 of 2nd period - Stopped by Kari Lehtonen without a rebound.
1:04 of 2nd period - Eric Fehr wins face-off versus Brandon Sutter in Lightning zone.
1:04 of 2nd period - Eric Fehr is hit by James Neal.
1:07 of 2nd period - Icing by Teddy Purcell.
1:08 of 2nd period - Brandon Sutter wins face-off versus Eric Fehr in Lightning zone.
1:23 of 2nd period - Shot by Troy Brouwer.
1:23 of 2nd period - Stopped by Michal Neuvirth without a rebound.
1:24 of 2nd period - Henrik Sedin wins face-off versus Mikko Koivu in Devils zone.
1:30 of 2nd period - Patric Hornqvist is hit by Steven Kampfer and loses puck.
1:43 of 2nd period - Shot by Patric Hornqvist.
1:43 of 2nd period - Shot Blocked by Mikko Koivu.
1:45 of 2nd period - Shot by Tomas Fleischmann.
1:45 of 2nd period - Stopped by Michal Neuvirth with a rebound.
1:47 of 2nd period - Shot by David Schlemko.
1:47 of 2nd period - Stopped by Michal Neuvirth without a rebound.
1:48 of 2nd period - Brandon Sutter wins face-off versus Eric Fehr in Devils zone.
1:55 of 2nd period - Shot by Eric Fehr.
1:55 of 2nd period - Shot Misses the Net.
2:12 of 2nd period - Icing by Andrej Sekera.
2:13 of 2nd period - Eric Fehr wins face-off versus Ales Hemsky in Lightning zone.
2:26 of 2nd period - Shot by Dougie Hamilton.
2:26 of 2nd period - Stopped by Kari Lehtonen without a rebound.
2:27 of 2nd period - Patric Hornqvist wins face-off versus Darren Helm in Lightning zone.
2:27 of 2nd period - Patric Hornqvist is hit by Chris Terry.
3:42 of 2nd period - Shot by Troy Brouwer.
3:42 of 2nd period - Stopped by Michal Neuvirth without a rebound.
3:43 of 2nd period - Travis Zajac wins face-off versus Brandon Sutter in Devils zone.
3:44 of 2nd period - Shot by Jeff Carter.
3:44 of 2nd period - Stopped by Michal Neuvirth without a rebound.
3:45 of 2nd period - Brandon Sutter wins face-off versus Travis Zajac in Devils zone.
3:45 of 2nd period - Brandon Sutter is hit by Travis Zajac.
3:50 of 2nd period - Minor Penalty to Christian Ehrhoff for Roughing.
3:51 of 2nd period - Brandon Sutter wins face-off versus Tobias Rieder in Lightning zone.
3:52 of 2nd period - Shot by Drew Stafford.
3:52 of 2nd period - Shot Misses the Net.
3:54 of 2nd period - Shot by Drew Stafford.
3:54 of 2nd period - Stopped by Kari Lehtonen without a rebound.
3:55 of 2nd period - Tobias Rieder wins face-off versus Brandon Sutter in Lightning zone.
4:22 of 2nd period - Shot by Drew Stafford.
4:22 of 2nd period - Stopped by Kari Lehtonen without a rebound.
4:23 of 2nd period - Tobias Rieder wins face-off versus Mikko Koivu in Lightning zone.
4:50 of 2nd period - Shot by James Neal.
4:50 of 2nd period - Shot Misses the Net.
4:52 of 2nd period - Shot by Steven Kampfer.
4:52 of 2nd period - Stopped by Kari Lehtonen without a rebound.
4:53 of 2nd period - Eric Fehr wins face-off versus Brandon Sutter in Lightning zone.
6:06 of 2nd period - Minor Penalty to Christian Ehrhoff for Hooking.
6:07 of 2nd period - Mikko Koivu wins face-off versus Eric Fehr in Lightning zone.
7:11 of 2nd period - Shot by Brandon Sutter.
7:11 of 2nd period - Deflect By Drew Stafford.
7:11 of 2nd period - Goal by Drew Stafford - Devils : 2 - Lightning : 0.
7:12 of 2nd period - Ales Hemsky wins face-off versus Henrik Sedin in neutral zone.
7:48 of 2nd period - Shot by Ales Hemsky.
7:48 of 2nd period - Goal by Ales Hemsky - Devils : 3 - Lightning : 0.
7:49 of 2nd period - Brandon Sutter wins face-off versus Travis Zajac in neutral zone.
8:18 of 2nd period - Shot by Brandon Sutter.
8:18 of 2nd period - Shot Hit the Post.
8:20 of 2nd period - Shot by Drew Stafford.
8:20 of 2nd period - Shot Blocked by Andre Benoit.
8:38 of 2nd period - Ryan Pulock is hit by Travis Zajac and loses puck.
8:50 of 2nd period - Icing by Andre Benoit.
8:51 of 2nd period - Mikko Koivu wins face-off versus Travis Zajac in Lightning zone.
10:28 of 2nd period - Minor Penalty to Tommy Wingels for Holding.
10:29 of 2nd period - Eric Fehr wins face-off versus Tyler Johnson in Devils zone.
10:36 of 2nd period - Shot by Tobias Rieder.
10:36 of 2nd period - Shot Misses the Net.
10:46 of 2nd period - Shot by David Schlemko.
10:46 of 2nd period - Shot Misses the Net.
10:50 of 2nd period - Shot by Eric Fehr.
10:50 of 2nd period - Stopped by Michal Neuvirth without a rebound.
10:51 of 2nd period - Henrik Sedin wins face-off versus Mikko Koivu in Devils zone.
11:11 of 2nd period - Steven Kampfer is hit by Troy Brouwer and loses puck.
11:42 of 2nd period - Shot by Erik Gudbranson.
11:42 of 2nd period - Shot Misses the Net.
11:44 of 2nd period - Shot by Eric Fehr.
11:44 of 2nd period - Stopped by Michal Neuvirth with a rebound.
11:54 of 2nd period - Shot by David Schlemko.
11:54 of 2nd period - Stopped by Michal Neuvirth with a rebound.
11:56 of 2nd period - Shot by David Schlemko.
11:56 of 2nd period - Shot Misses the Net.
11:58 of 2nd period - Shot by Erik Gudbranson.
11:58 of 2nd period - Shot Misses the Net.
12:00 of 2nd period - Shot by David Schlemko.
12:00 of 2nd period - Shot Misses the Net.
12:02 of 2nd period - Shot by Radim Vrbata.
12:02 of 2nd period - Shot Misses the Net.
12:04 of 2nd period - Shot by Erik Gudbranson.
12:04 of 2nd period - Stopped by Michal Neuvirth without a rebound.
12:05 of 2nd period - Mikko Koivu wins face-off versus Henrik Sedin in Devils zone.
12:34 of 2nd period - Shot by Johnny Gaudreau.
12:34 of 2nd period - Shot Blocked by Steven Kampfer.
12:36 of 2nd period - Shot by Jeff Carter.
12:36 of 2nd period - Shot Misses the Net.
12:50 of 2nd period - Shot by Jeff Carter.
12:50 of 2nd period - Shot Misses the Net.
12:52 of 2nd period - Shot by Jeff Carter.
12:52 of 2nd period - Goal by Jeff Carter - Devils : 3 - Lightning : 1.
12:53 of 2nd period - Tobias Rieder wins face-off versus Colin Greening in neutral zone.
13:03 of 2nd period - Icing by Tommy Wingels.
13:04 of 2nd period - Henrik Sedin wins face-off versus Colin Greening in Devils zone.
13:25 of 2nd period - Shot by Patric Hornqvist.
13:25 of 2nd period - Deflect By Henrik Sedin.
13:25 of 2nd period - Shot Misses the Net.
13:28 of 2nd period - Icing by Shayne Gostisbehere.
13:29 of 2nd period - Eric Fehr wins face-off versus Colin Greening in Devils zone.
13:29 of 2nd period - Eric Fehr is hit by Shayne Gostisbehere.
13:34 of 2nd period - Troy Brouwer is hit by Ryan Pulock and loses puck.
14:44 of 2nd period - Henrik Sedin is hit by Dougie Hamilton.
15:03 of 2nd period - Icing by Dougie Hamilton.
15:04 of 2nd period - Travis Zajac wins face-off versus Mikko Koivu in Devils zone.
15:16 of 2nd period - Travis Zajac is hit by Dougie Hamilton and loses puck.
15:34 of 2nd period - Shot by Jeff Carter.
15:34 of 2nd period - Shot Misses the Net.
15:39 of 2nd period - Travis Zajac is hit by Steven Kampfer and loses puck.
15:55 of 2nd period - Icing by Tyler Johnson.
15:56 of 2nd period - Mikko Koivu wins face-off versus Eric Fehr in Devils zone.
16:38 of 2nd period - Shot by Teddy Purcell.
16:38 of 2nd period - Stopped by Michal Neuvirth without a rebound.
16:39 of 2nd period - Henrik Sedin wins face-off versus Darren Helm in Devils zone.
17:02 of 2nd period - Shot by Johan Franzen.
17:02 of 2nd period - Shot Blocked by Henrik Sedin.
17:04 of 2nd period - Shot by Darren Helm.
17:04 of 2nd period - Deflect By Johan Franzen.
17:04 of 2nd period - Goal by Johan Franzen - Devils : 4 - Lightning : 1.
17:04 of 2nd period - Jaroslav Halak enters game.
17:05 of 2nd period - Travis Zajac wins face-off versus Tommy Wingels in neutral zone.
17:28 of 2nd period - Jeff Carter is hit by Dennis Seidenberg and loses puck.
17:33 of 2nd period - Shot by Travis Zajac.
17:33 of 2nd period - Goal by Travis Zajac - Devils : 4 - Lightning : 2.
17:34 of 2nd period - Brandon Sutter wins face-off versus Eric Fehr in neutral zone.
17:57 of 2nd period - Shot by Eric Fehr.
17:57 of 2nd period - Shot Misses the Net.
18:09 of 2nd period - Shot by Teddy Purcell.
18:09 of 2nd period - Shot Blocked by Shayne Gostisbehere.
18:11 of 2nd period - Shot by Eric Fehr.
18:11 of 2nd period - Shot Blocked by Shayne Gostisbehere.
18:13 of 2nd period - Shot by Teddy Purcell.
18:13 of 2nd period - Deflect By Troy Brouwer.
18:13 of 2nd period - Goal by Troy Brouwer - Devils : 4 - Lightning : 3.
18:14 of 2nd period - Tomas Fleischmann wins face-off versus Darren Helm in neutral zone.
18:18 of 2nd period - Icing by Steven Kampfer.
18:19 of 2nd period - Darren Helm wins face-off versus Henrik Sedin in Devils zone.
18:24 of 2nd period - David Schlemko is hit by Darren Helm and loses puck.
18:34 of 2nd period - Icing by David Schlemko.
18:35 of 2nd period - Henrik Sedin wins face-off versus Valtteri Filppula in Lightning zone.
18:56 of 2nd period - Shot by Tomas Fleischmann.
18:56 of 2nd period - Shot Blocked by Valtteri Filppula.
19:34 of 2nd period - Shot by Eric Fehr.
19:34 of 2nd period - Shot Misses the Net.
Goals for this period are 3 for Devils vs 3 for Lightning.
Shots for this period are 10 for Devils vs 14 for Lightning.

3rd period


0:01 of 3rd period - Eric Fehr wins face-off versus Brandon Sutter in neutral zone.
0:16 of 3rd period - Shot by James Neal.
0:16 of 3rd period - Stopped by Jaroslav Halak with a rebound.
0:18 of 3rd period - Shot by Brandon Sutter.
0:18 of 3rd period - Stopped by Jaroslav Halak without a rebound.
0:19 of 3rd period - Darren Helm wins face-off versus Henrik Sedin in Lightning zone.
0:38 of 3rd period - Ryan Pulock is hit by Patric Hornqvist.
1:21 of 3rd period - Icing by Andrej Sekera.
1:22 of 3rd period - Eric Fehr wins face-off versus Brandon Sutter in Lightning zone.
1:35 of 3rd period - Shot by James Neal.
1:35 of 3rd period - Shot Misses the Net.
1:40 of 3rd period - Minor Penalty to Drew Stafford for Holding.
1:41 of 3rd period - Mikko Koivu wins face-off versus Eric Fehr in Devils zone.
1:41 of 3rd period - Valtteri Filppula is hit by Eric Fehr and loses puck.
1:46 of 3rd period - Shot by Andrej Sekera.
1:46 of 3rd period - Stopped by Michal Neuvirth without a rebound.
1:46 of 3rd period - Minor Penalty to Michal Neuvirth for Delaying the game.
1:47 of 3rd period - Brandon Sutter wins face-off versus Teddy Purcell in Devils zone.
2:04 of 3rd period - Shot by Teddy Purcell.
2:04 of 3rd period - Shot Blocked by Ryan Pulock.
3:08 of 3rd period - Shot by Radim Vrbata.
3:08 of 3rd period - Stopped by Michal Neuvirth without a rebound.
3:09 of 3rd period - Tyler Johnson wins face-off versus Eric Fehr in Devils zone.
3:56 of 3rd period - Shot by Darren Helm.
3:56 of 3rd period - Shot Misses the Net.
4:38 of 3rd period - Darren Helm is hit by Travis Zajac and loses puck.
4:49 of 3rd period - Steven Kampfer is hit by Patric Hornqvist.
5:28 of 3rd period - Shot by Patric Hornqvist.
5:28 of 3rd period - Shot Misses the Net.
5:35 of 3rd period - Icing by Tommy Wingels.
5:36 of 3rd period - Colin Greening wins face-off versus Eric Fehr in Devils zone.
5:40 of 3rd period - Off-side.
5:41 of 3rd period - Brandon Sutter wins face-off versus Eric Fehr in neutral zone.
5:47 of 3rd period - Brandon Sutter is hit by Kevin Klein and loses puck.
6:54 of 3rd period - Shot by Jeff Carter.
6:54 of 3rd period - Shot Hit the Post.
6:56 of 3rd period - Shot by Travis Zajac.
6:56 of 3rd period - Stopped by Michal Neuvirth without a rebound.
6:57 of 3rd period - Mikko Koivu wins face-off versus Henrik Sedin in Devils zone.
8:01 of 3rd period - Shot by Ales Hemsky.
8:01 of 3rd period - Stopped by Jaroslav Halak without a rebound.
8:02 of 3rd period - Darren Helm wins face-off versus Eric Fehr in Lightning zone.
8:46 of 3rd period - Icing by Eric Fehr.
8:47 of 3rd period - James Neal wins face-off versus Eric Fehr in Lightning zone.
8:50 of 3rd period - Shot by Drew Stafford.
8:50 of 3rd period - Shot Misses the Net.
9:12 of 3rd period - James Neal is hit by Jeff Carter and loses puck.
9:30 of 3rd period - Shot by Johnny Gaudreau.
9:30 of 3rd period - Stopped by Michal Neuvirth with a rebound.
9:32 of 3rd period - Shot by Andre Benoit.
9:32 of 3rd period - Shot Blocked by Brandon Sutter.
9:34 of 3rd period - Shot by Johnny Gaudreau.
9:34 of 3rd period - Shot Hit the Post.
9:44 of 3rd period - Shot by Jeff Carter.
9:44 of 3rd period - Shot Misses the Net.
9:58 of 3rd period - Shot by Tomas Fleischmann.
9:58 of 3rd period - Stopped by Michal Neuvirth without a rebound.
9:59 of 3rd period - Tobias Rieder wins face-off versus Colin Greening in Devils zone.
10:10 of 3rd period - Shot by Tobias Rieder.
10:10 of 3rd period - Shot Misses the Net.
11:21 of 3rd period - Minor Penalty to Tyler Johnson for Holding Stick.
11:22 of 3rd period - Mikko Koivu wins face-off versus Henrik Sedin in Devils zone.
11:22 of 3rd period - Mikko Koivu is hit by Troy Brouwer.
11:32 of 3rd period - Dougie Hamilton is hit by Troy Brouwer and loses puck.
11:45 of 3rd period - Shot by Teddy Purcell.
11:45 of 3rd period - Stopped by Michal Neuvirth without a rebound.
11:46 of 3rd period - Eric Fehr wins face-off versus Colin Greening in Devils zone.
11:55 of 3rd period - Shot by Erik Gudbranson.
11:55 of 3rd period - Shot Misses the Net.
12:03 of 3rd period - Shot by Eric Fehr.
12:03 of 3rd period - Shot Misses the Net.
12:11 of 3rd period - Shot by Erik Gudbranson.
12:11 of 3rd period - Shot Blocked by Ryan Pulock.
12:13 of 3rd period - Shot by David Schlemko.
12:13 of 3rd period - Shot Misses the Net.
13:10 of 3rd period - Shot by Erik Gudbranson.
13:10 of 3rd period - Stopped by Michal Neuvirth without a rebound.
13:11 of 3rd period - Darren Helm wins face-off versus Eric Fehr in Devils zone.
13:30 of 3rd period - Shot by Johnny Gaudreau.
13:30 of 3rd period - Stopped by Michal Neuvirth without a rebound.
13:31 of 3rd period - Henrik Sedin wins face-off versus Mikko Koivu in Devils zone.
13:48 of 3rd period - Shot by Mikko Koivu.
13:48 of 3rd period - Deflect By Tyler Johnson.
13:48 of 3rd period - Shot Misses the Net.
14:53 of 3rd period - Shot by Travis Zajac.
14:53 of 3rd period - Stopped by Michal Neuvirth without a rebound.
14:54 of 3rd period - Colin Greening wins face-off versus Troy Brouwer in Devils zone.
16:06 of 3rd period - Shot by Jeff Carter.
16:06 of 3rd period - Shot Misses the Net.
16:10 of 3rd period - Shot by Jeff Carter.
16:10 of 3rd period - Stopped by Michal Neuvirth without a rebound.
16:11 of 3rd period - Henrik Sedin wins face-off versus Drew Stafford in Devils zone.
16:19 of 3rd period - Off-side.
16:20 of 3rd period - Brandon Sutter wins face-off versus Henrik Sedin in neutral zone.
16:34 of 3rd period - Shot by Patric Hornqvist.
16:34 of 3rd period - Stopped by Michal Neuvirth without a rebound.
16:35 of 3rd period - Darren Helm wins face-off versus Eric Fehr in Devils zone.
17:01 of 3rd period - Icing by Troy Brouwer.
17:02 of 3rd period - Brandon Sutter wins face-off versus Eric Fehr in Lightning zone.
17:09 of 3rd period - Shot by James Neal.
17:09 of 3rd period - Stopped by Jaroslav Halak without a rebound.
17:10 of 3rd period - Henrik Sedin wins face-off versus Brandon Sutter in Lightning zone.
17:10 of 3rd period - Henrik Sedin is hit by James Neal.
17:23 of 3rd period - Shot by Drew Stafford.
17:23 of 3rd period - Shot Misses the Net.
17:25 of 3rd period - Shot by Brandon Sutter.
17:25 of 3rd period - Stopped by Jaroslav Halak with a rebound.
17:27 of 3rd period - Shot by Brandon Sutter.
17:27 of 3rd period - Goal by Brandon Sutter - Devils : 5 - Lightning : 3.
17:28 of 3rd period - Colin Greening wins face-off versus Troy Brouwer in neutral zone.
17:33 of 3rd period - Shot by Colin Greening.
17:33 of 3rd period - Stopped by Jaroslav Halak without a rebound.
17:34 of 3rd period - Drew Stafford wins face-off versus Eric Fehr in Lightning zone.
17:35 of 3rd period - Shot by James Neal.
17:35 of 3rd period - Shot Misses the Net.
17:51 of 3rd period - Shot by Teddy Purcell.
17:51 of 3rd period - Stopped by Michal Neuvirth without a rebound.
17:52 of 3rd period - Henrik Sedin wins face-off versus Colin Greening in Devils zone.
18:10 of 3rd period - Shot by Henrik Sedin.
18:10 of 3rd period - Shot Blocked by Steven Kampfer.
18:19 of 3rd period - Shot by Tomas Fleischmann.
18:19 of 3rd period - Shot Misses the Net.
18:35 of 3rd period - Shot by Henrik Sedin.
18:35 of 3rd period - Shot Blocked by Dougie Hamilton.
19:00 of 3rd period - Shot by Kevin Klein.
19:00 of 3rd period - Shot Misses the Net.
19:02 of 3rd period - Shot by Andrej Sekera.
19:02 of 3rd period - Shot Misses the Net.
19:35 of 3rd period - Off-side.
19:36 of 3rd period - Travis Zajac wins face-off versus Brandon Sutter in neutral zone.
19:39 of 3rd period - Shot by Johnny Gaudreau.
19:39 of 3rd period - Shot Misses the Net.
Goals for this period are 1 for Devils vs 0 for Lightning.
Shots for this period are 7 for Devils vs 12 for Lightning.